 Dungeon Crawl Stone Soup version 0.21.1-1-g345015f (webtiles) character file.

4072 VLARC the Slicer (level 10, -3/63 HPs)
             Began as a Halfling Hunter on Mar 21, 2018.
             Was a Believer of Dithmenos.
             Engulfed by a blizzard demon's freezing vapour (15 damage)
             ... on level 2 of the Abyss.
             The game lasted 00:29:14 (11697 turns).

VLARC the Slicer (Halfling Hunter)                 Turns: 11697, Time: 00:29:15

Health: -3/63      AC: 11    Str: 16    XL:     10   Next: 49%
Magic:  10/10      EV: 17    Int:  9    God:    Dithmenos [**....]
Gold:   235        SH: 10    Dex: 21    Spells: 9/9 levels left

rFire    . . .     SeeInvis .   b - +2 short sword (venom)
rCold    . . .     Gourm    .   h - +2 shield
rNeg     . . .     Faith    .   m - +2 leather armour {MR+}
rPois    .         Spirit   .   o - +1 helmet
rElec    .         Reflect  .   l - +0 cloak
rCorr    .         Harm     .   (no gloves)
MR       +....                  A - +2 pair of boots
Stlth    ++++++....             (no amulet)
HPRegen  0.20/turn              (no ring)
MPRegen  0.12/turn              (no ring)

@: agile, wreathed by umbra
A: small, mutation resistance 1
a: Shadow Step, Renounce Religion


You were on level 2 of the Abyss.
You worshipped Dithmenos.
Dithmenos was pleased with you.
You were not hungry.

You visited 2 branches of the dungeon, and saw 10 of its levels.
You visited the Abyss 1 time.

You collected 451 gold pieces.
You spent 216 gold pieces at shops.

Inventory:

Hand Weapons
 a - a +1 hunting sling
 b - a +2 short sword of venom (weapon)
Missiles
 d - 111 sling bullets
 g - 151 stones (quivered)
 x - 26 poisoned needles
Armour
 h - a +2 shield (worn)
 l - a +0 cloak (worn)
 m - a +2 leather armour of magic resistance (worn)
 o - a +1 helmet (worn)
 A - a +2 pair of boots (worn)
Wands
 t - a wand of iceblast (5)
Scrolls
 c - a scroll of amnesia {unknown}
 e - a scroll of silence {unknown}
 i - 10 scrolls of identify
 k - a scroll of noise {unknown}
 w - a scroll of teleportation
Potions
 j - a potion of magic
 n - 2 potions of flight
 p - a potion of cancellation {unknown}
 q - 2 potions of curing
 s - 2 potions of ambrosia {unknown}
 z - 6 potions of brilliance {unknown}
Comestibles
 f - 9 rations
 v - 3 chunks of flesh


   Skills:
 - Level 3.4 Fighting
 - Level 12.1 Short Blades
 - Level 12.1 Slings
 - Level 2.1 Dodging
 + Level 6.8 Stealth


You had 9 spell levels left.
You didn't know any spells.

Dungeon Overview and Level Annotations

Branches:
Dungeon (9/15)             Temple (1/1) D:6
   Lair: D:8-11         Orc: D:9-12

Altars:
Cheibriados
Dithmenos
Elyvilon
Fedhas
Hepliaklqana
Kikubaaqudgha
Makhleb
Nemelex Xobeh
Okawaru
Qazlal
Ru
Sif Muna
Trog
Uskayaw
Vehumet
Wu Jian
Xom
Yredelemnul
Zin
The Shining One

Shops:
D:4 *   D:6 *   D:7 (

Annotations:
D:9 Erolcha


Innate Abilities, Weirdness & Mutations

You are small and have problems with some larger weapons.
You are somewhat resistant to further mutation.


Message History

A spatial vortex and a spatial maelstrom come into view.
A blizzard demon comes into view.
The blizzard demon shouts!
The blizzard demon gestures at you. The freezing blast engulfs you!
A glowing orange brain comes into view.
You are engulfed in freezing vapours.
The glowing orange brain turns its attention towards you.
The glowing orange brain pulsates.
Something tries to feed on your intellect!
The blizzard demon gestures at you. The bolt of cold misses you.
The glowing orange brain blinks!
The blizzard demon gestures at you. The freezing blast engulfs you!
* * * LOW HITPOINT WARNING * * *
The glowing orange brain is engulfed in freezing vapours.
It was a potion of agility.
You feel agile all of a sudden.
You are engulfed in freezing vapours.
You die...

.. ..# #.. #.# #.#
##...
#.##.######.####.....
.....§...§..... .....
##2§§§§...####....v
#....§# ### #.##..
#######§#G§##### ..##
.
.....§§§§§...........
..
######@######.###..
.. #§# #.. #§§ ..
####


You could see a blizzard demon and a glowing orange brain.

Vanquished Creatures
  Pikel (D:6)
  A tengu conjurer (D:8)
  Prince Ribbit (D:7)
  A hippogriff (D:8)
  A wyvern (D:8)
  2 hungry ghosts
  A water moccasin (D:8)
  A sky beast (D:8)
  A slave (D:6)
  2 orc warriors
  2 ogres
  2 centaurs (D:6)
  3 bullfrogs
  A scorpion (D:8)
  10 killer bees
  3 wights (D:7)
  A howler monkey (D:9)
  A crimson imp (D:5)
  2 jellies
  2 bullfrog zombies (D:5)
  A centaur zombie (D:6)
  6 orc wizards
  4 orc priests
  Crazy Yiuf (D:5)
  Ijyb (D:5)
  3 iguanas
  6 worker ants
  A worker ant zombie (D:7)
  3 gnolls
  4 adders
  A shadow imp (D:5)
  2 oozes
  2 adder skeletons (D:4)
  3 worms
  4 dart slugs
  8 leopard geckos
  23 orcs
  4 giant cockroaches
  15 goblins
  9 hobgoblins
  17 jackals
  5 quokkas
  5 ball pythons
  3 bats
  5 frilled lizards
  A giant cockroach zombie (D:5)
  A jackal skeleton (D:6)
  10 kobolds
  11 rats
  2 fungi (D:5)
200 creatures vanquished.

Vanquished Creatures (others)
  2 slaves (D:7)
  2 wights (D:7)
4 creatures vanquished.

Grand Total: 204 creatures vanquished

Notes
Turn   | Place    | Note
-------+----------+-------------------------------------------
     0 | D:1      | VLARC the Halfling Hunter began the quest for the Orb.
     0 | D:1      | Reached XP level 1. HP: 14/14 MP: 1/1
   208 | D:1      | Reached XP level 2. HP: 11/19 MP: 2/2
   454 | D:1      | Reached XP level 3. HP: 25/25 MP: 3/3
  1022 | D:2      | Reached XP level 4. HP: 30/30 MP: 4/4
  1538 | D:2      | Reached XP level 5. HP: 23/36 MP: 5/5
  2110 | D:3      | Found a white marble altar of Elyvilon.
  2290 | D:3      | Reached skill level 1 in Short Blades
  2561 | D:3      | Found a hazy altar of Hepliaklqana.
  3809 | D:4      | Found Xaxtor's General Store.
  3851 | D:4      | Reached XP level 6. HP: 42/42 MP: 6/6
  4521 | D:4      | Found a deep blue altar of Sif Muna.
  4698 | D:4      | You fall through a shaft for 2 floors!
  4738 | D:6      | Found Nufe Uwa's General Store.
  4740 | D:5      | Entered Level 5 of the Dungeon
  4740 | D:5      | Found a basalt altar of Yredelemnul.
  4740 | D:5      | Found a glowing silver altar of Zin.
  4743 | D:5      | Found a stormy altar of Qazlal.
  4764 | D:6      | Bought a cursed amulet of inaccuracy for 26 gold pieces
  4797 | D:6      | Found a staircase to the Ecumenical Temple.
  4807 | Temple   | Entered the Ecumenical Temple
  4958 | D:6      | Noticed an orc warrior
  5097 | D:5      | Noticed Ijyb
  5112 | D:5      | Killed Ijyb
  5112 | D:5      | Reached skill level 5 in Short Blades
  5319 | D:4      | Bought a +2 leather armour of magic resistance for 190 gold pieces
  5418 | D:5      | Reached XP level 7. HP: 42/46 MP: 7/7
  6074 | D:5      | Found a burning altar of Makhleb.
  6074 | D:5      | Found a shadowy altar of Dithmenos.
  6083 | D:5      | Found a glowing golden altar of the Shining One.
  6088 | D:5      | Became a worshipper of Dithmenos the Shadowed
  6208 | D:5      | Found a hide-covered altar of Uskayaw.
  6509 | D:5      | Found a runed door.
  6514 | D:5      | Noticed Crazy Yiuf
  6535 | D:5      | Killed Crazy Yiuf
  6742 | D:6      | Reached XP level 8. HP: 52/52 MP: 8/8
  7028 | D:6      | Found a sacrificial altar of Ru.
  8032 | D:7      | Noticed Pikel
  8076 | D:6      | Killed Pikel
  8076 | D:6      | Reached XP level 9. HP: 49/57 MP: 9/9
  8302 | D:7      | Noticed Prince Ribbit
  8333 | D:7      | Killed Prince Ribbit
  9289 | D:7      | Found Wohudilyna's Weapon Shoppe.
  9370 | D:7      | Reached skill level 10 in Slings
  9946 | D:8      | Reached * piety under Dithmenos
 10054 | D:8      | Reached XP level 10. HP: 54/63 MP: 10/10
 10656 | D:8      | Reached skill level 5 in Stealth
 10856 | D:8      | Reached ** piety under Dithmenos
 11607 | D:9      | Noticed Erolcha
 11626 | D:9      | Cast into level 2 of the Abyss (Erolcha)
 11662 | Abyss:2  | Noticed a freezing wraith
 11685 | Abyss:2  | Noticed a spatial maelstrom
 11692 | Abyss:2  | Noticed a blizzard demon
 11694 | Abyss:2  | Noticed a glowing orange brain
 11697 | Abyss:2  | Engulfed by a blizzard demon's freezing vapour

Skill      XL: |  1  2  3  4  5  6  7  8  9 10 |
---------------+-------------------------------+-----
Fighting       | 2 3 |  3.4
Slings         | 6 7 11 12 | 12.1
Short Blades   | 3 5 8 11 12 | 12.1
Stealth        | 6 |  6.8
Dodging        | |  2.1

Action                   |  1- 3 |  4- 6 |  7- 9 | 10-12 || total
-------------------------+-------+-------+-------+-------++-------
Melee: Short sword       |   110 |   252 |   252 |    95 ||   709
 Fire: Hunting sling     |    25 |   159 |   129 |    38 ||   351
Evoke: Wand              |       |     3 |     5 |     7 ||    15
  Use: Scroll            |       |    10 |       |       ||    10
       Potion            |       |       |     5 |     1 ||     6
 Stab: Sleeping          |     4 |     4 |       |     5 ||    13
       Distracted        |       |     1 |       |       ||     1
  Eat: Chunk             |       |    14 |    10 |     5 ||    29
       Ration            |       |       |     2 |       ||     2
Armor: Leather armour    |    30 |    55 |    69 |    17 ||   171
       Skin              |       |       |     5 |       ||     5
Dodge: Dodged            |    91 |   122 |    80 |    26 ||   319
Block: Shield            |       |   121 |    80 |    41 ||   242
